 Dungeon Crawl Stone Soup version 0.27.1-1-g398f81649c (webtiles) character file.

Game seed: 18223529761611481556

22808 boopmooplesden the Cleaver (level 12, -3/118 HPs)
             Began as a Minotaur Fighter on Sept 18, 2021.
             Was an Elder of Ashenzari.
             Slain by a black mamba (12 damage)
             ... on level 4 of the Lair of Beasts.
             The game lasted 00:25:03 (13271 turns).

boopmooplesden the Cleaver (Minotaur Fighter)      Turns: 13271, Time: 00:25:03

Health: -3/118     AC: 24    Str: 25    XL:     12   Next: 66%
Magic:  11/11      EV: 10    Int:  7    God:    Ashenzari [****..]
Gold:   877        SH: 15    Dex: 14    Spells: 11/11 levels left

rFire    + + +     SeeInvis +   M - +0 trident
rCold    + . .     Faith    .   c - +1 kite shield "Adversity of Ashenzari" {Melee, Elem} (curse)
rNeg     + . .     Spirit   .   z - +0 plate armour of Ashenzari's Henotheism {rF+, Range, Melee} (curse)
rPois    +         Reflect  .   o - +1 hat of the Chained Augurer {rF+, Fort, Melee} (curse)
rElec    +         Harm     .   i - +2 cloak
rCorr    .         Rampage  .   g - +0 pair of gloves of Ashenzari's Regret {Self, Range} (curse)
Will     .....     Clarity  +   L - +0 pair of boots
Stlth    ..........             (no amulet)
HPRegen  0.29/turn              B - ring "Cosmic Regret" {rElec rC+ rN+, Cun, Melee} (curse)
MPRegen  0.12/turn              H - ring of the Prophetic Regret {*Corrode rPois rF+ Str+3 Int+2, Melee, Elem} (curse)

@: no status effects
A: horns 2, retaliatory headbutt
a: Renounce Religion, Curse Item, Shatter the Chains


You were on level 4 of the Lair of Beasts.
You worshipped Ashenzari.
Ashenzari was greatly pleased with you.
You visited 3 branches of the dungeon, and saw 15 of its levels.

You collected 877 gold pieces.

Inventory:

Hand Weapons
 a - a +1 war axe
 m - a +2 broad axe
 M - a +0 trident (weapon)
Missiles
 F - 14 boomerangs (quivered)
Armour
 b - a +0 scale mail
 c - the cursed +1 kite shield "Adversity of Ashenzari" (worn) {Melee, Elem}

   It has a curse which improves the following skills: Melee Combat: Short
   Blades, Long Blades, Axes, Maces & Flails, Polearms, Staves and Unarmed
   Combat.
   Elements:  Fire Magic, Ice Magic, Air Magic and Earth Magic.
 g - the cursed +0 pair of gloves of Ashenzari's Regret (worn) {Self, Range}
   (You found it on level 2 of the Dungeon)

   It has a curse which improves the following skills: Introspection: Fighting
   and Spellcasting.
   Ranged Combat: Slings, Bows, Crossbows and Throwing.
 i - a +2 cloak (worn)
 o - the cursed +1 hat of the Chained Augurer (worn) {rF+, Fort, Melee}
   (You found it on level 6 of the Dungeon)

   rF:        It protects you from fire.
   It has a curse which improves the following skills: Fortitude: Armour and
   Shields.
   Melee Combat: Short Blades, Long Blades, Axes, Maces & Flails, Polearms,
   Staves and Unarmed Combat.
 v - the +1 leather armour of Xaumihob {+Inv Dex+3 Stlth+}
   (You found it on level 4 of the Dungeon)

   Dex:       It affects your dexterity (+3).
   +Inv:      It lets you turn invisible.
   Stlth:     It makes you more stealthy.
 z - the cursed +0 plate armour of Ashenzari's Henotheism (worn) {rF+, Range, Melee}
   (You found it on level 7 of the Dungeon)

   It has a curse which improves the following skills: Ranged Combat: Slings,
   Bows, Crossbows and Throwing.
   Melee Combat: Short Blades, Long Blades, Axes, Maces & Flails, Polearms,
   Staves and Unarmed Combat.
 L - a +0 pair of boots (worn)
Jewellery
 n - a +6 ring of dexterity
 r - a +4 ring of protection
 y - a +6 ring of strength
 B - the cursed ring "Cosmic Regret" (left hand) {rElec rC+ rN+, Cun, Melee}
   (You acquired it on level 8 of the Dungeon)

   [ring of protection from cold]

   rC:        It protects you from cold.
   rElec:     It insulates you from electricity.
   rN:        It protects you from negative energy.
   It has a curse which improves the following skills: Cunning: Dodging and
   Stealth.
   Melee Combat: Short Blades, Long Blades, Axes, Maces & Flails, Polearms,
   Staves and Unarmed Combat.
 G - a ring of wizardry
 H - the cursed ring of the Prophetic Regret (right hand) {*Corrode rPois rF+ Str+3 Int+2, Melee, Elem}
   (You found it on level 9 of the Dungeon)

   [ring of protection from fire]

   Str:       It affects your strength (+3).
   Int:       It affects your intelligence (+2).
   rF:        It protects you from fire.
   rPois:     It protects you from poison.
   *Corrode:  It may corrode you when you take damage.
   It has a curse which improves the following skills: Melee Combat: Short
   Blades, Long Blades, Axes, Maces & Flails, Polearms, Staves and Unarmed
   Combat.
   Elements:  Fire Magic, Ice Magic, Air Magic and Earth Magic.
 I - a ring of protection from fire
 J - a ring of poison resistance
 K - a ring of protection from cold
Wands
 p - a wand of acid (10)
 s - a wand of iceblast (27)
 A - a wand of polymorph (24)
 D - a wand of flame (13)
Scrolls
 e - 6 scrolls of teleportation
 h - 10 scrolls of identify
 k - 4 scrolls of noise
 l - 2 scrolls of fog
 t - 2 scrolls of fear
 u - 2 scrolls of summoning
 w - 3 scrolls of magic mapping
Potions
 d - 4 potions of curing
 f - 4 potions of heal wounds
 j - 5 potions of brilliance
 q - 3 potions of flight
 x - 2 potions of resistance
 C - a potion of invisibility
 E - 2 potions of haste


   Skills:
 + Level 12.7(14.7) Fighting
 - Level 13.8(19.7) Axes
 + Level 1.2(10.4) Polearms
 + Level 0.7(2.4) Throwing
 + Level 11.7(13.7) Armour
 + Level 3.3(5.3) Dodging
 + Level 1.1(2.5) Stealth
 + Level 12.5(14.5) Shields
 + Level 0.5 Evocations


You had 11 spell levels left.
You didn't know any spells.
Your spell library contained the following spells:

 Spells                   Type           Power      Damage    Failure   Level
 Ensorcelled Hibernation  Hex/Ice        0%         N/A       99%         2
 Slow                     Hex            0%         N/A       99%         2
 Confusing Touch          Hex            0%         N/A       100%        3
 Frozen Ramparts          Ice            0%         1d2       100%        3
 Spider Form              Tmut/Pois      0%         N/A       100%        3
 Stone Arrow              Conj/Erth      0%         3d7       100%        3
 Ice Form                 Ice/Tmut       0%         N/A       100%        4
 Olgreb's Toxic Radiance  Pois           0%         N/A       100%        4
 Summon Ice Beast         Ice/Summ       0%         N/A       100%        4
 Bolt of Magma            Conj/Fire/Erth 0%         4d4       100%        5
 Summon Mana Viper        Hex/Summ       0%         N/A       100%        5
 Yara's Violent Unravell  Hex/Tmut       0%         3d3       100%        5
 Shadow Creatures         Summ           N/A        N/A       100%        6
 Monstrous Menagerie      Summ           0%         N/A       100%        7
 Ozocubu's Refrigeration  Ice            0%         4d5       100%        7
 Ignition                 Fire           0%         3d3       100%        8
 Shatter                  Erth           0%         3d5*      100%        9


Dungeon Overview and Level Annotations

Branches:
Dungeon (10/15)            Temple (1/1) D:6            Lair (4/6) D:10
 Shoals (0/4) Lair:2          Orc (0/2) D:10
  Snake: Lair:2-4    Spider: Lair:2-4

Altars:
Ashenzari
Cheibriados
Dithmenos
Elyvilon
Fedhas
Gozag
Hepliaklqana
Kikubaaqudgha
Makhleb
Nemelex Xobeh
Okawaru
Qazlal
Ru
Sif Muna
Trog
Uskayaw
Vehumet
Wu Jian
Xom
Yredelemnul
Zin
The Shining One

Shops:
D:3 :   D:7 [   D:10 (

Portals:
Abyss: D:9

Annotations:
D:9 2 transporters, greenlake's ghost, novice DrTm
Lair:2 2 transporters, Rickety's ghost, journeyman SpEn


Innate Abilities, Weirdness & Mutations

You have a pair of horns on your head.
You reflexively headbutt those who attack you in melee.


Message History

Found a robe.
You block the boulder beetle's attack.
The boulder beetle stops rolling and uncurls.
You hit the boulder beetle but do no damage.
The boulder beetle is severely wounded.
You block the boulder beetle's attack.
Your cursed plate armour of Ashenzari's Henotheism prevents you from hitting the boulder beetle.
Your headbutt misses the boulder beetle.
The boulder beetle is severely wounded.
The boulder beetle leaps!
You hit the boulder beetle but do no damage.
The boulder beetle is severely wounded.
The boulder beetle leaps!
The boulder beetle curls into a ball and begins rolling!
The boulder beetle hits you!!
* * * LOW HITPOINT WARNING * * *
The boulder beetle stops rolling and uncurls.
You hit the boulder beetle.
The boulder beetle is severely wounded.
The boulder beetle bites you but does no damage.
You puncture the boulder beetle! You headbutt the boulder beetle!
You kill the boulder beetle!
Your base Polearms skill increases to level 1!
You start resting.
A black mamba is nearby!
The black mamba hisses angrily.
A black mamba is nearby!
The black mamba bites you.
* * * LOW HITPOINT WARNING * * *
You hit the black mamba.
The black mamba is lightly wounded.
You block the black mamba's attack. The black mamba bites you!
* * * LOW HITPOINT WARNING * * *
You barely miss the black mamba. You headbutt the black mamba.
The black mamba is moderately wounded.
You block the black mamba's attack.
You puncture the black mamba! Your headbutt misses the black mamba.
The black mamba is heavily wounded.
The black mamba bites you!
You die...

.......^.........##..###
....###..............##
....#.##.............##
.....##.............#.#
......#......#.....####
....................#
....................##
.....................##
...............S@.....#
....................[.#
.......<..............# *
......................#
........................
.......................##
.PPP........[.........P#
#.P..........#........##
#.PP####....##, ,,, ,*


You could see a black mamba.

Vanquished Creatures
  A shambling mangrove (Lair:3)
  2 boulder beetles
  2 hydras (Lair:4)
  A two-headed ogre (D:9)
  Urug (Lair:3)
  5 elephants (Lair:4)
  3 black mambas
  2 cane toads
  2 komodo dragons (Lair:1)
  3 rime drakes (Lair:1)
  2 trolls
  3 blink frogs (Lair:3)
  5 polar bears (Lair:2)
  Grinder (D:3)
  Prince Ribbit (D:5)
  Sigmund (D:2)
  27 yaks
  4 basilisks
  2 wyverns
  2 steam dragons
  Menkaure (D:5)
  Edmund (D:4)
  7 water moccasins
  2 orc warriors
  3 ice beasts
  7 black bears
  2 necrophages
  3 ogres
  A sky beast (D:6)
  4 wolves (Lair:4)
  3 centaurs
  2 phantoms
  3 kobold brigands
  Blork the orc (D:4)
  2 gnoll sergeants
  10 bullfrogs
  3 scorpions
  4 killer bees (D:9)
  An electric eel (Lair:2)
  A howler monkey (D:10)
  4 bullfrog zombies
  A centaur zombie (D:5)
  A lava snake (Lair:1)
  7 hounds
  Crazy Yiuf (D:4)
  5 orc priests
  4 bullfrog skeletons
  3 jellies
  A centaur skeleton (D:7)
  A gnoll shaman (D:9)
  Jessica (D:2)
  3 iguanas
  Ijyb (D:5)
  10 orc wizards
  A scorpion zombie (D:5)
  Natasha (D:3)
  A killer bee zombie (D:8)
  A howler monkey zombie (D:5)
  8 gnolls
  7 adders
  A howler monkey skeleton (D:6)
  A shadow imp (D:6)
  3 white imps
  A worm (D:4)
  The ghost of Icepheonix32 the Sneak, a weakling KoDe (D:5)
  3 dart slugs
  18 orcs
  5 endoplasms
  3 giant cockroaches
  4 hobgoblins
  5 quokkas
  6 ball pythons
  4 bats
  5 frilled lizards
  6 goblins
  13 kobolds
  6 rats
278 creatures vanquished.

Vanquished Creatures (others)
  14 fungi
  28 plants
42 creatures vanquished.

Grand Total: 320 creatures vanquished

Notes
Turn   | Place    | Note
-------+----------+-------------------------------------------
     0 | D:1      | boopmooplesden the Minotaur Fighter began the quest for the
                  | Orb.
     0 | D:1      | Reached XP level 1. HP: 19/19 MP: 0/0
   165 | D:1      | Reached XP level 2. HP: 27/27 MP: 1/1
   550 | D:2      | Noticed Jessica
   552 | D:2      | Killed Jessica
   553 | D:2      | Reached XP level 3. HP: 33/33 MP: 2/2
   766 | D:2      | Reached skill level 3 in Axes
   766 | D:2      | Reached XP level 4. HP: 40/40 MP: 3/3
   820 | D:2      | Noticed Sigmund
   837 | D:2      | Killed Sigmund
   838 | D:2      | Reached skill level 4 in Axes
   838 | D:2      | Reached skill level 5 in Armour
   838 | D:2      | Reached skill level 5 in Shields
   838 | D:2      | Reached XP level 5. HP: 36/47 MP: 4/4
   933 | D:2      | Found a faded altar of an unknown god.
  1256 | D:3      | Noticed Grinder
  1391 | D:3      | Reached XP level 6. HP: 48/53 MP: 5/5
  1415 | D:3      | Found Momozuuc's Book Shoppe.
  1445 | D:3      | Noticed Natasha
  1453 | D:3      | Killed Natasha
  1557 | D:3      | Killed Grinder
  1558 | D:3      | Reached skill level 5 in Fighting
  1558 | D:3      | Reached skill level 5 in Axes
  1558 | D:3      | Reached skill level 1 in Dodging
  1558 | D:3      | Reached XP level 7. HP: 45/61 MP: 6/6
  2219 | D:4      | You fall into a shaft and drop 2 floors!
  2230 | D:6      | Reached skill level 6 in Axes
  2425 | D:6      | Found a staircase to the Ecumenical Temple.
  2436 | Temple   | Entered the Ecumenical Temple
  2515 | Temple   | Became a worshipper of Ashenzari the Shackled
  2572 | D:6      | Reached skill level 7 in Axes
  2591 | D:6      | Reached XP level 8. HP: 43/70 MP: 7/7
  2931 | D:6      | Reached skill level 8 in Axes
  3148 | D:6      | Identified the +1 hat of Hangman {rF+}
  3206 | D:6      | Found a shimmering altar of Xom.
  3215 | D:6      | Found a stormy altar of Qazlal.
  3432 | D:5      | Entered Level 5 of the Dungeon
  3474 | D:5      | Noticed Prince Ribbit
  3683 | D:5      | Found a transporter.
  3684 | D:5      | Noticed Icepheonix32's ghost (weakling KoDe)
  3711 | D:5      | Noticed Menkaure
  3722 | D:5      | Killed Menkaure
  3763 | D:5      | Killed Prince Ribbit
  3764 | D:5      | Reached skill level 9 in Axes
  3790 | D:5      | Found a transporter.
  3817 | D:5      | Reached XP level 9. HP: 77/78 MP: 8/8
  3875 | D:5      | Found a blossoming altar of Fedhas.
  4015 | D:5      | Noticed Ijyb
  4023 | D:5      | Killed Ijyb
  4254 | D:5      | Reached * piety under Ashenzari
  4344 | D:5      | Found a basalt altar of Yredelemnul.
  4556 | D:5      | Killed Icepheonix32's ghost
  4611 | D:4      | Noticed Edmund
  4620 | D:4      | Killed Edmund
  4928 | D:4      | Identified the +1 leather armour of Xaumihob {+Inv Dex+3
                  | Stlth+}
  4985 | D:4      | Found a glowing silver altar of Zin.
  5111 | D:4      | Found a runed translucent door.
  5112 | D:4      | Noticed Crazy Yiuf
  5198 | D:4      | Noticed Blork the orc
  5204 | D:4      | Killed Blork the orc
  5253 | D:4      | Reached skill level 1 in Stealth
  5261 | D:4      | Reached skill level 10 in Axes
  5512 | D:4      | Killed Crazy Yiuf
  5650 | D:7      | Reached ** piety under Ashenzari
  5728 | D:7      | Found an ancient bone altar of Kikubaaqudgha.
  5958 | D:7      | Identified a scroll of acquirement
  6061 | D:7      | Found a glowing golden altar of the Shining One.
  6266 | D:7      | Found Piykyly's Armour Shoppe.
  6685 | D:8      | Acquired the ring "Carphani" {rElec rC+ rN+}
  7301 | D:8      | Reached skill level 11 in Axes
  7681 | D:9      | Reached *** piety under Ashenzari
  7785 | D:9      | Noticed a two-headed ogre
  7791 | D:9      | Killed a two-headed ogre
  7792 | D:9      | Reached XP level 10. HP: 78/93 MP: 9/9
  7984 | D:9      | Found a transporter.
  7986 | D:9      | Identified the ring "Poirorr" {*Corrode rPois rF+ Str+3
                  | Int+2}
  7987 | D:9      | Found a one-way gate to the infinite horrors of the Abyss.
  7987 | D:9      | Noticed greenlake's ghost (novice DrTm)
  7987 | D:9      | Noticed a toenail golem
  8014 | D:9      | Reached skill level 12 in Axes
  8030 | D:9      | Found a transporter.
  8034 | D:9      | Noticed a skeletal warrior
  8063 | D:9      | Noticed a hell hog
  8066 | D:9      | Noticed a soul eater
  8098 | D:9      | Noticed a wretched star
  8098 | D:9      | Noticed a toenail golem
  8505 | D:10     | Entered Level 10 of the Dungeon
  8822 | D:10     | Found a staircase to the Orcish Mines.
  8895 | D:10     | Found an iron altar of Okawaru.
  8943 | D:10     | Found a staircase to the Lair.
  9081 | D:10     | Found Udemuise's Weapon Boutique.
  9087 | D:10     | Found a faded altar of an unknown god.
  9088 | D:10     | Found a hazy altar of Hepliaklqana.
  9095 | D:10     | Paralysed by a kobold brigand for 6 turns
  9383 | Lair:1   | Entered Level 1 of the Lair of Beasts
  9410 | Lair:1   | Reached skill level 10 in Shields
  9558 | Lair:1   | Noticed a cane toad
  9563 | Lair:1   | Killed a cane toad
  9567 | Lair:1   | Reached skill level 13 in Axes
  9567 | Lair:1   | Reached XP level 11. HP: 84/101 MP: 10/10
 10637 | Lair:2   | Reached skill level 10 in Fighting
 10779 | Lair:2   | Noticed a four-headed hydra
 10810 | Lair:1   | You fall into a shaft and drop 1 floor!
 10811 | Lair:2   | Found a transporter.
 10811 | Lair:2   | Found a transporter.
 10818 | Lair:2   | Noticed Rickety's ghost (journeyman SpEn)
 10898 | Lair:2   | Found a staircase to the Shoals.
 10909 | Lair:2   | Reached skill level 10 in Armour
 10927 | Lair:2   | Reached **** piety under Ashenzari
 11253 | Lair:3   | Reached XP level 12. HP: 73/115 MP: 11/11
 11461 | Lair:3   | Noticed Urug
 11466 | Lair:3   | Noticed a boulder beetle
 11470 | Lair:3   | Killed Urug
 11489 | Lair:3   | Killed a boulder beetle
 11838 | Lair:3   | Noticed a shambling mangrove
 11838 | Lair:3   | an oklob plant changed into a shambling mangrove
 12067 | Lair:3   | Killed a shambling mangrove
 12701 | Lair:4   | Noticed a six-headed hydra
 12714 | Lair:4   | Killed a six-headed hydra
 13078 | Lair:4   | Noticed a six-headed hydra
 13079 | Lair:4   | Noticed an eight-headed hydra
 13080 | Lair:4   | Noticed a boulder beetle
 13116 | Lair:4   | Killed a six-headed hydra
 13260 | Lair:4   | Killed a boulder beetle
 13261 | Lair:4   | Reached skill level 1 in Polearms
 13271 | Lair:4   | Slain by a black mamba

Illustrated notes

Levels and vault maps discovered:
D:1:      minmay_arrival_hallway, layout_basic
D:2:      minmay_inner_zag, layout_rooms, serial_rivers,
          chequers_serial_rivers_marsh, chequers_serial_rivers_small_3,
          chequers_serial_rivers_small_b, chequers_serial_rivers_large_b,
          chequers_ecumenical_altar_twisty, kennysheep_generic_room_16,
          uniq_sigmund, uniq_jessica
D:3:      layout_basic, serial_shops, shop, hex_large, uniq_natasha,
          uniq_grinder
D:4:      layout_rooms, kennysheep_little_box, grunt_ministairs_2,
          chequers_serial_rivers_micro_a, uniq_crazy_yiuf_cottage, uniq_edmund,
          uniq_blork_the_orc
D:5:      layout_basic, old_standard_altar, lemuel_zombie_altar_yredelemnul,
          gammafunk_ghost_mausoleum, uniq_prince_ribbit1, uniq_ijyb,
          uniq_menkaure
D:6:      layout_loops_cross, minitemple, temple_fountains,
          minmay_fractal_squares_5
D:7:      layout_basic, lemuel_crystal_altar, lemuel_tele_altar, serial_shops,
          shop
D:8:      layout_gridville
D:9:      layout_roguey, gammafunk_ghost_abyssal_escape
D:10:     layout_rooms, beargit_hepliaklqana_dungeon_heroes,
          okawaru_ov_weapons_minmay, lair_entry_dummy, orc_0_dummy,
          serial_shops, nicolae_stop_n_shop_2, nicolae_benzene_ring
Temple:   dshaligram_water_room_temple
Lair:1:   layout_gridlike
Lair:2:   beast_lair_carwin_large_3, layout_loops_ring,
          elwin_shoals_entry_rocks, gammafunk_ghost_hive, serial_bayou_shore_a
Lair:3:   layout_hall_layers, chequers_serial_rivers_small_3, uniq_urug
Lair:4:   layout_gridlike, nicolae_spider_entry_orb_guardian

Skill      XL: |  1  2  3  4  5  6  7  8  9 10 11 12 |
---------------+-------------------------------------+-----
Fighting       | 4 5 6 8 11 12 | 12.7
Armour         | 4 5 6 7 8 9 10 11 | 11.7
Shields        | 4 5 6 7 8 10 11 12 | 12.5
Axes           | 3 4 5 7 9 11 13 | 13.8
Dodging        | 1 2 3 |  3.3
Stealth        | 1 |  1.1
Polearms       | 1 |  1.2
Throwing       | |  0.7
Evocations     | |  0.5

Action                   |  1- 3 |  4- 6 |  7- 9 | 10-12 || total
-------------------------+-------+-------+-------+-------++-------
Melee: War axe           |    63 |    66 |   178 |       ||   307
       Headbutt          |     8 |     8 |    78 |   110 ||   204
       Broad axe         |       |       |   120 |   401 ||   521
       Trident           |       |       |       |    46 ||    46
Throw: Boomerang         |       |       |     1 |     4 ||     5
Invok: Curse Item        |       |       |     5 |     2 ||     7
       Shatter the Chain |       |       |       |     1 ||     1
Evoke: Wand              |       |       |       |     4 ||     4
  Use: Scroll            |     4 |       |     6 |     2 ||    12
       Potion            |       |     1 |     3 |     2 ||     6
Armor: Scale mail        |    34 |    30 |    78 |       ||   142
       Plate armour      |       |       |    39 |   255 ||   294
Dodge: Dodged            |    22 |    25 |    96 |   136 ||   279
Block: Kite shield       |    26 |    33 |   192 |   314 ||   565
